AoeStats
← TPE-床上小旋風

Oasis

509533790Analyzed
4v4 RM · 5d ago on Sep 27, 2026· 19m 35s· 8 players
Game mode
Random Map
Map size
Large (8 player)
Population
200
Speed
Normal
Resources
Standard
Victory
Conquest
Starting age
Dark Age
Ending age
Imperial Age
RankedLock teamsTeams togetherTeam positionsShared explorationLock speedFull tech treeHidden civsTurbo modeCheats
Victory
Defeat
🇲🇽 Khmer · Mexico
1452
+11
🇨🇴 Franks · Colombia
1327
+16
🇨🇦 Romans · Canada
1317
+16
🇨🇦 Ethiopians · Canada
1267
+19
🇹🇼 Portuguese · Taiwan
1364
-17
🇨🇳 Maya · China
1358
-17
🇷🇺 Persians · Russia
1317
-15
🇨🇳 Magyars · China
1278
-13
alex1993327
0:29 Loom
12:04 Feudal Age
20:44 Castle Age
18:38 Stone Mining
18:57 Double-Bit Axe
_XD_XiaoXiao
0:26 Loom
9:24 Feudal Age
10:21 Double-Bit Axe
14:52 Fletching
15:10 Padded Archer Armor
15:32 Horse Collar
TPE-床上小旋風
11:34 Feudal Age
12:58 Double-Bit Axe
15:31 Castle Age
13:31 Horse Collar
15:29 Bloodlines
18:43 Loom
19:12 Gold Mining
19:24 Loom
73624617386501790
5:54 Loom
9:01 Feudal Age
10:17 Double-Bit Axe
15:23 Bloodlines
16:02 Horse Collar
Theodore
7:21 Loom
9:46 Feudal Age
10:09 Man-at-Arms
12:06 Scale Mail Armor
14:46 Wheelbarrow
14:44 Fletching
15:28 Padded Archer Armor
.
4:51 Loom
9:32 Feudal Age
9:58 Horse Collar
10:05 Double-Bit Axe
11:43 Town Watch
16:09 Forging
16:23 Scale Barding Armor
Cualnick
6:17 Loom
8:40 Feudal Age
12:05 Double-Bit Axe
14:26 Scale Barding Armor
19:08 Wheelbarrow
old man
6:48 Loom
9:11 Feudal Age
9:49 Double-Bit Axe
13:32 Gold Mining
13:37 Fletching
21:19 Castle Age
20:12 Forging
20:02 Padded Archer Armor
Connection lost

Rejoining the realm…

Still unreachable

The connection could not be restored.

Session expired

The server has moved on; the page needs a fresh start.